 Dungeon Crawl Stone Soup version 0.23-a0-359-g9beedce (webtiles) character file.

264 Cryolive the Digger (level 6, 0/32 HPs)
             Began as a Gargoyle Earth Elementalist on Oct 23, 2018.
             Slain by an orc priest
             ... wielding a +0 dagger
              (4 damage)
             ... on level 4 of the Dungeon.
             The game lasted 00:10:16 (2628 turns).

Cryolive the Digger (Gargoyle Earth Elementalist)   Turns: 2628, Time: 00:10:17

Health: 0/32       AC:  6    Str: 11    XL:     6   Next: 19%
Magic:  6/11       EV: 12    Int: 18    God:
Gold:   154        SH:  0    Dex: 10    Spells: 3/12 levels left

rFire    . . .     SeeInvis .   y - +0 hand axe (flame)
rCold    . . .     Gourm    .   (no shield)
rNeg     + . .     Faith    .   c - +0 robe
rPois    ∞         Spirit   .   (no helmet)
rElec    +         Reflect  .   (no cloak)
rCorr    .         Harm     .   (no gloves)
MR       .....                  (no boots)
Stlth    ++........             (no amulet)
HPRegen  0.10/turn              (no ring)
MPRegen  0.12/turn              (no ring)

@: no status effects
A: negative energy resistance 1, electricity resistance, unbreathing,
petrification resistance, rot immunity, AC +4
a: no special abilities


You were on level 4 of the Dungeon.
You were not hungry.

You visited 1 branch of the dungeon, and saw 4 of its levels.

You collected 154 gold pieces.

Inventory:

Hand Weapons
 a - a +0 mace
 y - a +0 hand axe of flaming (weapon)
Missiles
 b - 130 stones (quivered)
Armour
 c - a +0 robe (worn)
Jewellery
 k - an uncursed amulet of harm {unknown}
 l - an uncursed ring of positive energy {unknown}
Scrolls
 e - 2 scrolls of magic mapping {unknown}
 h - a scroll of blinking {unknown}
 i - a scroll of amnesia {unknown}
 o - 2 scrolls of teleportation {unknown}
 p - a scroll of immolation {unknown}
 q - a scroll of remove curse {unknown}
 u - 3 scrolls of enchant armour {unknown}
 v - a scroll of fog {unknown}
 w - 2 scrolls of identify {unknown}
 A - a scroll of enchant weapon {unknown}
Potions
 f - 3 potions of curing {unknown}
 g - 2 potions of agility {unknown}
 j - a potion of mutation {unknown}
 m - a potion of invisibility {unknown}
 n - 2 potions of heal wounds {unknown}
 r - a potion of brilliance {unknown}
 s - 3 potions of degeneration {unknown}
 t - 2 potions of resistance {unknown}
 x - 2 potions of lignification {unknown}
Comestibles
 d - 7 rations
 z - 2 chunks of flesh


   Skills:
 - Level 1.5 Dodging
 - Level 2.1 Stealth
 + Level 3.8 Spellcasting
 + Level 2.8 Conjurations
   Level 0.7 Transmutations
 + Level 5.9 Earth Magic


You had 3 spell levels left.
You knew the following spells:

 Your Spells              Type           Power        Failure   Level  Hunger
a - Sandblast             Erth           ###...       1%          1    None
b - Stone Arrow           Conj/Erth      ###...       8%          3    ###....
c - Lee's Rapid Deconstr  Erth           ###.......   36%         5    ######.

Your spell library contained the following spells:

 Spells                   Type           Power        Failure   Level  Hunger
 Passwall                 Tmut/Erth      ###.....     6%          2    ##.....
 Petrify                  Tmut/Erth      ###.....     36%         4    ####...


Dungeon Overview and Level Annotations

Branches:
Dungeon (4/15)
 Temple: D:4-7

Altars:
Cheibriados
Yredelemnul


Innate Abilities, Weirdness & Mutations

You are resistant to torment.
Your stone body is resilient. (AC +4)
You are immune to poison.
You resist negative energy. (rN+)
You are resistant to electric shocks. (rElec)
You can survive without breathing.
You are immune to petrification.
You are immune to rotting.


Message History

Tha orc priest mumbles some strange prayers ta Beogh against ye.
Pain shoots through yer body!
* * * LOW HITPOINT WARNIN'
* * * Tha orc priest barely misses ye.
Ye hit tha orc priest but do nay damage.
Tha orc priest be moderately wounded.
Tha orc priest invokes tha aid o' Beogh against ye.
Pain shoots through yer body!
* * * LOW HITPOINT WARNIN'
* * * Ye hit tha orc priest but do nay damage.
Tha orc priest be moderately wounded.
Tha orc priest closely misses ye.
Ye hit tha orc priest but do nay damage.
Tha orc priest be moderately wounded.
Tha orc priest hits ye but does nay damage.
Ye hit tha orc priest but do nay damage.
Tha orc priest be moderately wounded.
Tha orc priest closely misses ye.
Tha orc priest hits ye wit' a +0 dagger.
Ye die...

.o .W #o #. #.## <.#
#.# .# ####o#### .#
#...Wo@.# ###.####
#.#####(# #......#
#.# #.###......# #.#
#........#.# #.#
#.##..#....####
#.#####.##.....#.....
#.......##.......#
##########.##).###
### #.....#####


You could see a phantom, an orc priest and an orc (wandering).

Vanquished Creatures
  An ogre (D:4)
  A hound (D:4)
  An orc wizard (D:3)
  A worker ant (D:4)
  3 adders (D:2)
  2 worms (D:3)
  3 dart slugs
  A leopard gecko (D:1)
  7 orcs
  3 giant cockroaches
  2 goblins
  5 hobgoblins
  10 jackals
  4 kobolds
  A quokka (D:3)
  3 ball pythons
  5 bats
  4 frilled lizards
  A quokka skeleton (D:4)
  7 rats
65 creatures vanquished.

Notes
Turn   | Place    | Note
-------+----------+-------------------------------------------
     0 | D:1      | Cryolive the Gargoyle Earth Elementalist began the quest
                  | for the Orb.
     0 | D:1      | Reached XP level 1. HP: 10/10 MP: 3/3
   137 | D:1      | Reached skill level 4 in Earth Magic
   178 | D:1      | Reached XP level 2. HP: 6/15 MP: 3/5
  1108 | D:2      | Found a snail-covered altar of Cheibriados.
  1167 | D:2      | Reached XP level 3. HP: 7/19 MP: 2/6
  1268 | D:2      | Found a basalt altar of Yredelemnul.
  1296 | D:2      | Learned a level 3 spell: Stone Arrow
  1339 | D:2      | Reached XP level 4. HP: 16/24 MP: 5/8
  1373 | D:2      | Reached skill level 5 in Earth Magic
  1500 | D:2      | Found a faded altar of an unknown god.
  2032 | D:3      | Reached skill level 1 in Conjurations
  2382 | D:4      | Noticed a phantom
  2416 | D:4      | Reached XP level 5. HP: 4/28 MP: 6/9
  2451 | D:4      | Learned a level 5 spell: Lee's Rapid Deconstruction
  2581 | D:4      | Noticed an ogre
  2585 | D:4      | Killed an ogre
  2585 | D:4      | Reached XP level 6. HP: 17/32 MP: 3/11
  2610 | D:4      | Noticed a phantom
  2628 | D:4      | Slain by an orc priest

Vault maps used:
D:1:      elethiomel_arrival_maze
D:2:      lemuel_round_altar, cheibriados_altar_1,
          chequers_ecumenical_altar_simple_redux
D:4:      makhleb_blood_cavern_becter, first_ration, ashenzari_altar_1,
          uniq_edmund

Skill      XL: |  1  2  3  4  5 |
---------------+----------------+-----
Earth Magic    | 4 5 |  5.9
Spellcasting   | 3 |  3.8
Conjurations   | 1 2 |  2.8
Dodging        | |  1.5
Stealth        | |  2.1
Transmutations | |  0.7

Action                   |  1- 3 |  4- 6 || total
-------------------------+-------+-------++-------
Melee: Mace              |    54 |    75 ||   129
       Hand axe          |       |    25 ||    25
 Cast: Sandblast         |     9 |    37 ||    46
       Stone Arrow       |       |     1 ||     1
 Stab: Sleeping          |     2 |       ||     2
  Eat: Chunk             |     1 |     1 ||     2
       Ration            |       |     1 ||     1
Armor: Robe              |    26 |    27 ||    53
Dodge: Dodged            |    43 |    85 ||   128

Table legend:
 A = Non-vault XP
 B = Vault XP
 C = Vault XP percentage of total XP
 D = Non-vault monster count
 E = Vault monster count
 F = Vault count percentage of total count
                 A         B        C        D         E       F
            +---------+---------+-------+---------+---------+-------
      Total |     378 |       0 |   0.0 |      65 |       0 |   0.0
            +---------+---------+-------+---------+---------+-------
        D:1 |      23 |       0 |   0.0 |      12 |       0 |   0.0
        D:2 |      72 |       0 |   0.0 |      22 |       0 |   0.0
        D:3 |      68 |       0 |   0.0 |      15 |       0 |   0.0
        D:4 |     215 |       0 |   0.0 |      16 |       0 |   0.0
            +---------+---------+-------+---------+---------+-------
